 Dungeon Crawl Stone Soup version 0.29-a0-96-g93358da72b (webtiles) character file.

Game seed: 6236946577218476216

21053 Gargoyl the Protected (level 12, 0/77 HPs)
             Began as a Gargoyle Abyssal Knight on Feb 11, 2022.
             Was the Champion of Lugonu.
             Killed from afar by an ice statue (23 damage)
             ... with a shard of ice
             ... in an ice cave.
             The game lasted 00:18:41 (14728 turns).

Gargoyl the Protected (Gargoyle Abyssal Knight)    Turns: 14728, Time: 00:18:42

Health: 0/77       AC: 32    Str: 35    XL:     12   Next: 85%
Magic:  17/17      EV: 10    Int: 13    God:    Lugonu [******]
Gold:   1782       SH:  0    Dex: 10    Spells: 11/11 levels left

rFire   . . .      SeeInvis .   j - +9 spear "Coylinim" {vamp, rElec rPois Str+7}
rCold   + . .      Faith    .   (no shield)
rNeg    + . .      Spirit   .   g - +0 plate armour
rPois   ∞          Reflect  .   m - +2 helmet
rElec   +          Harm     .   (no cloak)
rCorr   +          Rampage  .   C - +0 pair of gloves
Will    .....                   y - +2 pair of boots of Azunin {Drain rCorr Int+2}
Stlth   ..........              (no amulet)
HPRegen 0.22/turn               t - +6 ring of strength
MPRegen 0.15/turn               F - ring of protection from cold

@: no status effects
A: sickness immunity, AC +8, negative energy resistance 1, electricity
resistance, torment resistance 1, petrification resistance
a: Renounce Religion, Depart the Abyss, Bend Space, Banish, Corrupt, Enter the
Abyss, Brand Weapon With Distortion


You were in an ice cave.
You worshipped Lugonu.
Lugonu was exalted by your worship.
You visited 2 branches of the dungeon, and saw 11 of its levels.
You visited the Abyss 1 time.
You also visited: Ice Cave.

You collected 1782 gold pieces.

Inventory:

Hand Weapons
 a - a +2 hand axe of flaming
 d - a +0 dagger of venom
 j - the +9 spear "Coylinim" (weapon) {vamp, rElec rPois Str+7}
   (You found it on level 4 of the Dungeon)

   It occasionally heals its wielder for a portion of the damage dealt when it
   wounds a living foe.
   Str:       It affects your strength (+7).
   rElec:     It insulates you from electricity.
   rPois:     It protects you from poison.
Missiles
 b - 27 poisoned darts (quivered)
 q - a throwing net
Armour
 g - a +0 plate armour (worn)
 m - a +2 helmet (worn)
 y - the +2 pair of boots of Azunin (worn) {Drain rCorr Int+2}
   (You found it on level 7 of the Dungeon)

   Int:       It affects your intelligence (+2).
   rCorr:     It protects you from acid and corrosion.
   Drain:     It drains your maximum health when unequipped.
 C - a +0 pair of gloves (worn)
Jewellery
 k - a ring of magical power
 t - a +6 ring of strength (left hand)
 w - a +6 ring of intelligence
 D - a +6 ring of intelligence
 E - a ring of see invisible
 F - a ring of protection from cold (right hand)
 H - a +6 ring of dexterity
 I - a +4 ring of protection
Wands
 n - a wand of iceblast (14)
 u - a wand of flame (35)
 v - a wand of mindburst (2)
 x - a wand of charming (2)
 A - a wand of acid (10)
Scrolls
 e - 5 scrolls of identify
 h - 3 scrolls of fog
 B - 2 scrolls of teleportation
 G - a scroll of fear
Potions
 c - 3 potions of brilliance
 f - a potion of lignification
 i - 6 potions of curing
 o - a potion of flight
 p - a potion of invisibility
 r - 2 potions of haste
 s - 2 potions of might
 z - 2 potions of magic
 J - a potion of resistance


   Skills:
 + Level 9.8 Fighting
 + Level 3.8(7.9) Axes
 + Level 10.9(11.2) Polearms
 + Level 0.8 Throwing
 + Level 12.1 Armour
 * Level 6.0 Dodging
 + Level 2.1 Stealth
 * Level 7.9 Invocations


You had 11 spell levels left.
You didn't know any spells.
Your spell library contained the following spells:

 Spells                   Type           Power      Damage    Failure   Level
 Magic Dart               Conj           0%         1d3       83%         1
 Call Imp                 Summ           0%         N/A       93%         2
 Corpse Rot               Necr/Air       0%         N/A       93%         2
 Poisonous Vapours        Pois/Air       0%         N/A       93%         2
 Call Canine Familiar     Summ           0%         N/A       99%         3
 Mephitic Cloud           Conj/Pois/Air  0%         N/A       99%         3
 Ozocubu's Armour         Ice            0%         N/A       99%         3
 Portal Projectile        Hex/Tloc       0%         N/A       99%         3
 Summon Guardian Golem    Hex/Summ       0%         N/A       99%         3
 Leda's Liquefaction      Hex/Erth       0%         N/A       100%        4
 Summon Ice Beast         Ice/Summ       0%         N/A       100%        4
 Metabolic Englaciation   Hex/Ice        0%         N/A       100%        5
 Summon Forest            Summ/Tloc      0%         N/A       100%        5
 Simulacrum               Ice/Necr       0%         N/A       100%        6
 Malign Gateway           Summ/Tloc      0%         N/A       100%        7
 Ozocubu's Refrigeration  Ice            0%         4d5       100%        7
 Summon Horrible Things   Summ           0%         N/A       100%        8


Dungeon Overview and Level Annotations

Branches:
Dungeon (10/15)            Temple (0/1) D:6            Lair (1/6) D:10
    Orc (0/2) D:9           IceCv (1/1)

Altars:
Ashenzari
Cheibriados
Dithmenos
Fedhas
Gozag
Nemelex Xobeh
Okawaru
Qazlal
Sif Muna
Trog
Vehumet
Xom
Yredelemnul
The Shining One

Shops:
D:5 (

Annotations:
IceCv exclusion: ice statue


Innate Abilities, Weirdness & Mutations

You are immune to sickness and miasma.
Your stone body is resilient. (AC +8)
You are immune to poison.
You resist negative energy. (rN+)
You are resistant to electric shocks. (rElec)
You are resistant to unholy torment.
You are immune to petrification.


Message History

You completely miss the ice statue.
The ice statue is heavily damaged.
You are engulfed in freezing vapours.
You resist.
You completely miss the ice statue.
The ice statue is heavily damaged.
You are engulfed in freezing vapours.
You resist.
You hit the ice statue.
The ice statue is heavily damaged.
You are engulfed in freezing vapours.
You resist.
You hit the ice statue.
The ice statue is heavily damaged.
You are engulfed in freezing vapours.
You resist.
You hit the ice statue.
The ice statue is severely damaged.
You are engulfed in freezing vapours.
You resist.
The ice statue gestures.
You puncture the ice statue!
The ice statue is almost destroyed.
You hit the ice statue but do no damage.
The ice statue is almost destroyed.
You hit the ice statue.
The ice statue is almost destroyed.
The ice statue gestures at you. The freezing blast engulfs you! You resist.
* * * LOW HITPOINT WARNING * * *
You hit the ice statue.
The ice statue is almost destroyed.
You are engulfed in freezing vapours.
You resist.
* * * LOW HITPOINT WARNING * * *
You puncture the ice statue!
You punch the ice statue, but do no damage.
The ice statue is almost destroyed.
You are engulfed in freezing vapours.
You resist.
Unknown command.
You feel much better.
You are engulfed in freezing vapours.
You resist. The ice beast hits you. The ice beast freezes you. You resist.
* * * LOW HITPOINT WARNING * * *
The ice statue gestures at you. The shard of ice hits you!!
You partially resist.
You die...

####### ########
..†...## ##..○☼☼☼##
##.....####..###@☼.#
####....#...###☼Y8.!#
≈≈≈####...### ##..☼##
≈≈## ##### ..### ≈##
#.. ≈≈≈. .## ≈≈#. #
≈#... ##.#


You could see an ice statue and an ice beast (summoned).

Vanquished Creatures
  A two-headed ogre (D:8)
  2 death yaks (IceCv)
  The ghost of hatiphnatus the Skirmisher, a novice DsFi (D:7)
  An ugly thing (IceCv)
  A manticore (D:8)
  A moth of wrath (D:7)
  Joseph (D:6)
  A cane toad (Lair:1)
  A rime drake (Lair:1)
  7 polar bears (IceCv)
  3 hornets
  4 trolls
  5 blink frogs (Lair:1)
  3 shadows
  A wraith (D:9)
  2 wyverns
  35 yaks
  A steam dragon (D:7)
  Menkaure (D:6)
  2 vampire mosquitoes (D:10)
  The ghost of Bosse the Magician, an amateur DsWz of Lugonu (D:4)
  2 water moccasins
  Duvessa (D:7)
  5 orc warriors
  3 sky beasts
  3 black bears
  5 ogres
  A necrophage (D:6)
  5 centaurs
  18 wolves
  A phantom (D:5)
  A kobold brigand (D:9)
  5 bullfrogs
  A wyvern zombie (D:7)
  2 scorpions
  A wyvern skeleton (D:7)
  Dowan (D:7)
  A water moccasin skeleton (D:7)
  7 killer bees
  6 wights
  6 howler monkeys
  2 centaur zombies (D:8)
  A jelly (D:8)
  A centaur skeleton (D:7)
  5 orc priests
  A gnoll shaman (D:5)
  2 hounds
  Ijyb (D:5)
  4 iguanas
  8 orc wizards
  A hound skeleton (D:4)
  A howler monkey zombie (D:9)
  12 gnolls
  7 adders
  2 shadow imps
  12 white imps (Lair:1)
  An ufetubus (D:7)
  An adder zombie (D:4)
  3 worms
  6 dart slugs
  30 orcs
  6 ball pythons
  9 endoplasms
  8 giant cockroaches
  7 goblins
  16 hobgoblins
  9 jackals
  20 kobolds
  8 quokkas
  7 bats
  2 frilled lizards
  9 rats
352 creatures vanquished.

Vanquished Creatures (others)
  2 fungi (Lair:1)
  3 plants
5 creatures vanquished.

Grand Total: 357 creatures vanquished

Notes
Turn   | Place    | Note
-------+----------+-------------------------------------------
     0 | Abyss:1  | Gargoyl the Gargoyle Abyssal Knight began the quest for the
                  | Orb.
     0 | Abyss:1  | Reached XP level 1. HP: 14/14 MP: 2/2
     0 | D:1      | Escaped the Abyss
   411 | D:1      | Reached * piety under Lugonu
   412 | D:1      | Reached XP level 2. HP: 15/20 MP: 3/3
   896 | D:1      | Reached XP level 3. HP: 23/24 MP: 4/4
  1200 | D:1      | Found a faded altar of an unknown god.
  1478 | D:2      | Reached skill level 3 in Armour
  1478 | D:2      | Reached XP level 4. HP: 29/29 MP: 5/5
  1481 | D:2      | Reached ** piety under Lugonu
  1571 | D:2      | Reached skill level 1 in Dodging
  2561 | D:3      | Found a basalt altar of Yredelemnul.
  2639 | D:3      | Reached XP level 5. HP: 34/34 MP: 6/6
  2733 | D:3      | Reached *** piety under Lugonu
  3782 | D:4      | Noticed a black bear
  4253 | D:4      | Identified the +9 spear "Coylinim" {vamp, rElec rPois
                  | Str+7}
  4327 | D:3      | Killed a black bear
  4328 | D:3      | Reached XP level 6. HP: 39/39 MP: 7/7
  4778 | D:4      | Reached skill level 1 in Polearms
  4946 | D:4      | Found a blossoming altar of Fedhas.
  4980 | D:4      | Reached skill level 5 in Fighting
  4987 | D:4      | Reached skill level 4 in Armour
  4987 | D:4      | Reached XP level 7. HP: 22/44 MP: 8/8
  5363 | D:4      | Found a runed translucent gate.
  5364 | D:4      | Found a runed translucent gate.
  5364 | D:4      | Found a runed translucent gate.
  5365 | D:4      | Found an opulent altar of Gozag.
  5366 | D:4      | Noticed Bosse's ghost (amateur DsWz)
  5643 | D:4      | Killed Bosse's ghost
  5644 | D:4      | Reached skill level 5 in Armour
  5783 | D:5      | Entered Level 5 of the Dungeon
  5824 | D:5      | Reached XP level 8. HP: 50/50 MP: 9/9
  6317 | D:5      | Found a sparkling altar of Nemelex Xobeh.
  6332 | D:5      | Reached skill level 5 in Polearms
  6410 | D:5      | Noticed Ijyb
  6424 | D:5      | Killed Ijyb
  6433 | D:5      | Reached skill level 1 in Stealth
  6484 | D:5      | Found Vecy's Weapon Shop.
  7133 | D:6      | Reached **** piety under Lugonu
  7143 | D:6      | Reached skill level 6 in Armour
  7230 | D:6      | Found a staircase to the Ecumenical Temple.
  7311 | D:6      | Reached XP level 9. HP: 54/56 MP: 10/10
  7416 | D:6      | Reached skill level 7 in Armour
  7712 | D:6      | Noticed Menkaure
  7722 | D:6      | Killed Menkaure
  7987 | D:7      | Noticed Joseph
  8019 | D:6      | Reached skill level 8 in Armour
  8032 | D:6      | Killed Joseph
  8066 | D:7      | Noticed Duvessa
  8066 | D:7      | Noticed Dowan
  8068 | D:7      | Noticed a five-headed hydra
  8148 | D:6      | HP: 2/57 [five-headed hydra (12)]
  8905 | D:7      | Reached skill level 9 in Armour
  8960 | D:7      | Killed Duvessa
  8961 | D:7      | Reached XP level 10. HP: 63/63 MP: 12/12
  8985 | D:7      | Killed Dowan
  9055 | D:7      | Noticed hatiphnatus's ghost (novice DsFi)
  9060 | D:7      | Found a transporter.
  9081 | D:7      | Found a bloodstained altar of Trog.
  9083 | D:7      | Found a transporter.
  9084 | D:7      | Noticed a moth of wrath
  9094 | D:7      | Killed a moth of wrath
  9122 | D:7      | HP: 2/63 [water moccasin skeleton (6)]
  9502 | D:7      | Found a snail-covered altar of Cheibriados.
 10009 | D:7      | Identified the +2 pair of boots of Azunin {Drain rCorr
                  | Int+2}
 10035 | D:7      | Killed hatiphnatus's ghost
 10036 | D:7      | Reached skill level 10 in Armour
 10479 | D:8      | Noticed a manticore
 10496 | D:8      | Killed a manticore
 10496 | D:8      | Reached ***** piety under Lugonu
 10719 | D:8      | Reached XP level 11. HP: 63/68 MP: 14/14
 10729 | D:8      | Reached skill level 5 in Invocations
 10775 | D:8      | Identified a scroll of acquirement
 10775 | D:8      | Acquired 789 gold pieces
 11369 | D:9      | Noticed a two-headed ogre
 11651 | D:8      | Killed a two-headed ogre
 11850 | D:9      | Found a staircase to the Orcish Mines.
 11983 | D:9      | Found a shadowy altar of Dithmenos.
 12243 | D:9      | Found a shimmering altar of Xom.
 12265 | D:9      | Found a shimmering blue altar of Sif Muna.
 12271 | D:9      | Found a broken altar of Ashenzari.
 12278 | D:9      | Found a bloodstained altar of Trog.
 12284 | D:9      | Found a stormy altar of Qazlal.
 12295 | D:9      | Found a radiant altar of Vehumet.
 12303 | D:9      | Found an iron altar of Okawaru.
 12437 | D:10     | Entered Level 10 of the Dungeon
 12596 | D:10     | Found a staircase to the Lair.
 12625 | D:10     | Found a glowing golden altar of the Shining One.
 12896 | D:10     | Reached skill level 11 in Armour
 13384 | Lair:1   | Entered Level 1 of the Lair of Beasts
 13542 | Lair:1   | Identified the +1 ring mail of Vexation {rElec rF- Will+
                  | rCorr Str+2 Int-3}
 13638 | Lair:1   | Reached skill level 5 in Dodging
 13692 | Lair:1   | Reached XP level 12. HP: 75/75 MP: 16/16
 13858 | Lair:1   | Got Cockaimm's Handbook of Summoning
 13866 | Lair:1   | Found a frozen archway.
 13931 | IceCv    | Entered an ice cave
 13942 | IceCv    | Reached skill level 10 in Polearms
 14434 | IceCv    | Reached ****** piety under Lugonu
 14571 | IceCv    | Noticed a death yak
 14573 | IceCv    | Noticed a death yak
 14601 | IceCv    | Killed a death yak
 14619 | IceCv    | Reached skill level 12 in Armour
 14638 | IceCv    | Killed a death yak
 14728 | IceCv    | Killed from afar by an ice statue

Illustrated notes

Levels and vault maps discovered:
D:1:      mrwooster_arrival_statue_2, layout_rooms,
          shapermc_ecumenical_altar_notcrosses
D:2:      layout_basic, hangedman_feature_mirror, grunt_ministairs_1,
          fountainhead, minmay_misc_feat_columns
D:3:      layout_loops_corners, mainiacjoe_overflow_concentric_impassable
D:4:      minmay_spotlight, layout_layer_cave, amcnicky_altar_gilded,
          ebering_ghost_gozag
D:5:      layout_layer_cave, mainiacjoe_overflow_catwalk, serial_shops, shop,
          uniq_ijyb
D:6:      layout_loops_ring, minmay_temple_entry_gardened_gates,
          nicolae_underground_beach, uniq_menkaure
D:7:      hangedman_cross_stitches, layout_rooms, mainiacjoe_overflow_boulevard,
          gammafunk_ghost_wrathful_warriors, amcnicky_mini_pool_small, hex_tiny,
          kennysheep_generic_room_14, uniq_duvessa, uniq_joseph
D:8:      layout_cave_pods
D:9:      layout_cave_pools, grunt_dithmenos_shadows,
          grunt_temple_overflow_octagram, david_orc_3, serial_rivers,
          chequers_serial_rivers_small_3, chequers_serial_rivers_micro_b,
          chequers_serial_rivers_small_a, chequers_serial_rivers_small_b,
          serial_bayou_crossing
D:10:     layout_long_grid, nicolae_tso_swordbearing_angel, lair_entry_dummy
Lair:1:   layout_regular_city, portal_ice_cave_entry_imps
IceCv:    ice_cave_caverns_02

Skill      XL: |  1  2  3  4  5  6  7  8  9 10 11 12 |
---------------+-------------------------------------+-----
Fighting       | 4 5 6 7 8 9 |  9.8
Axes           | 2 3 |  3.8
Armour         | 3 4 5 6 9 10 11 12 | 12.1
Dodging        | 1 2 3 5 6 |  6.0
Polearms       | 2 4 5 7 8 9 10 | 10.9
Stealth        | 2 |  2.1
Invocations    | 4 6 7 |  7.9
Throwing       | |  0.8

Action                   |  1- 3 |  4- 6 |  7- 9 | 10-12 || total
-------------------------+-------+-------+-------+-------++-------
Melee: Hand axe          |   122 |   160 |       |       ||   282
       Punch             |     2 |     1 |     3 |    20 ||    26
       Spear             |       |    71 |   268 |   951 ||  1290
Throw: Dart              |       |     8 |     1 |       ||     9
Invok: Depart the Abyss  |     1 |       |       |       ||     1
       Bend Space        |       |     1 |     2 |     2 ||     5
  Use: Scroll            |       |     5 |     5 |    13 ||    23
       Potion            |       |     1 |       |     2 ||     3
Armor: Chain mail        |    99 |    43 |       |       ||   142
       Leather armour    |     3 |       |       |       ||     3
       Plate armour      |       |   245 |   232 |   701 ||  1178
Dodge: Dodged            |    65 |   115 |   120 |   407 ||   707

Table legend: (Time is in decaauts)
 A = Elapsed time spent in this place.
 B = Non-inter-level travel time spent in this place.
 C = Inter-level travel time spent in this place.
 D = Time resting spent in this place.
 E = Time spent auto-exploring this place.
 F = Levels seen in this place.
 G = Mean time per level.
                   A        B        C        D        E       F      G
               +--------+--------+--------+--------+--------+-----+--------+
         Total |  14404 |  14043 |    361 |   1447 |   9389 |  13 | 1108.0 |
       Dungeon |  13264 |  12903 |    361 |   1369 |   8871 |  10 | 1326.4 |
          Lair |    485 |    485 |      0 |      0 |    264 |   1 |  485.0 |
         Abyss |      0 |      0 |      0 |      0 |      0 |   1 |    0.0 |
      Ice Cave |    654 |    654 |      0 |     78 |    253 |   1 |  654.0 |
               +--------+--------+--------+--------+--------+-----+--------+

Top non-repeatable levels by time:
     D:4: 1853 daAuts
     D:5: 1787 daAuts
     D:8: 1498 daAuts
     D:3: 1492 daAuts
     D:1: 1417 daAuts
     D:7: 1324 daAuts
     D:6: 1150 daAuts
     D:2: 1069 daAuts
    D:10: 876 daAuts
     D:9: 793 daAuts
   IceCv: 654 daAuts
  Lair:1: 485 daAuts
